 Dungeon Crawl Stone Soup version 0.30-a0-462-gd5975efbca (webtiles) character file.

Game seed: 9989607876701985555

756 Bnni the Scholar of Death (level 7, -7/53 HPs)
             Began as a Demonspawn Necromancer on Dec 16, 2022.
             Was a Follower of Kikubaaqudgha.
             Killed from afar by a steam dragon (11 damage)
             ... with a ball of steam
             ... on level 6 of the Dungeon.
             The game lasted 00:08:42 (4871 turns).

Bnni the Scholar of Death (Demonspawn Necromancer)  Turns: 4871, Time: 00:08:43

Health: -7/53      AC:  6    Str:  8    XL:     7   Next: 50%
Magic:  0/13       EV: 12    Int: 30    God:    Kikubaaqudgha [*.....]
Gold:   285        SH:  0    Dex: 14    Spells: 6/14 levels left

rFire   . . .      SeeInvis .    w - +1 dagger (venom)
rCold   . . .      Faith    .    (no shield)
rNeg    . . .      Spirit   .    a - +0 robe
rPois   .          Reflect  .    f - +1 helmet
rElec   .          Harm     .    (no cloak)
rCorr   .          Rampage  .    (no gloves)
Will    .....                    x - +1 pair of boots
Stlth   ++........               (no amulet)
HPRegen 0.28/turn                l - +6 ring of intelligence
MPRegen 0.13/turn                n - +6 ring of intelligence

@: animating dead
A: powered by death 1, spiny 1
a: Renounce Religion, Unearth Wretches


You were on level 6 of the Dungeon.
You worshipped Kikubaaqudgha.
Kikubaaqudgha was aware of your devotion.
You visited 2 branches of the dungeon, and saw 7 of its levels.

You collected 285 gold pieces.

Inventory:

Hand Weapons
 t - a +0 dire flail of protection
 w - a +1 dagger of venom (weapon)
Missiles
 o - 16 poisoned darts
Armour
 a - a +0 robe (worn)
 f - a +1 helmet (worn)
 x - a +1 pair of boots (worn)
Jewellery
 l - a +6 ring of intelligence (left hand)
 n - a +6 ring of intelligence (right hand)
Scrolls
 c - a scroll of amnesia {unknown}
 e - 3 scrolls of enchant weapon {unknown}
 g - a scroll of acquirement {unknown}
 i - 2 scrolls of immolation {unknown}
 j - a scroll of fear {unknown}
 k - a scroll of blinking
 p - 2 scrolls of teleportation {unknown}
 q - 2 scrolls of noise {unknown}
 r - a scroll of poison
 y - a scroll of vulnerability {unknown}
Potions
 b - a potion of magic
 d - 3 potions of curing
 h - 3 potions of brilliance {unknown}
 m - 2 potions of lignification
 s - 2 potions of might
 u - 4 potions of attraction {unknown}
 v - 3 potions of flight {unknown}
 z - a potion of resistance


   Skills:
 + Level 3.9 Fighting
 - Level 1.7 Dodging
 - Level 1.7 Stealth
 + Level 4.2 Spellcasting
 * Level 7.9 Necromancy


You had 6 spell levels left.
You knew the following spells:

 Your Spells              Type           Power      Damage    Failure   Level
a - Necrotise             Necr           100%       1d9       1%          1
c - Vampiric Draining     Necr           52%        2d9       1%          3
d - Animate Dead          Necr           52%        N/A       2%          4

Your spell library contained the following spells:

 Spells                   Type           Power      Damage    Failure   Level
 Sublimation of Blood     Necr           52%        N/A       1%          2
 Agony                    Necr           52%        N/A       7%          5


Dungeon Overview and Level Annotations

Branches:
Dungeon (6/15)             Temple (1/1) D:4

Altars:
Ashenzari
Cheibriados
Dithmenos
Hepliaklqana
Kikubaaqudgha
Nemelex Xobeh
Okawaru
Vehumet

Shops:
D:5 :


Innate Abilities, Weirdness & Mutations

You regenerate a little health from kills.
You are partially covered in sharp spines.


Message History

Casting: Necrotise (safe; 1% risk of failure)
Confirm with . or Enter, or press ? or * to list all spells.
Aiming: Vampiric Draining (safe; 1% risk of failure)
Press: ? - help, Shift-Dir - straight line, f/p - steam dragon
Aim: a steam dragon (steam, lightly wounded)
You draw life force from the steam dragon.
You feel life coursing into your body. The steam dragon breathes steam at you.
The ball of steam hits you!
Casting: Vampiric Draining (safe; 1% risk of failure)
Confirm with . or Enter, or press ? or * to list all spells.
Aiming: Vampiric Draining (safe; 1% risk of failure)
Press: ? - help, Shift-Dir - straight line, f/p - steam dragon
Aim: a steam dragon (steam, moderately wounded, catching its breath)
You draw life force from the steam dragon.
You feel life coursing into your body.
You are engulfed in a cloud of scalding steam.
* * * LOW HITPOINT WARNING * * *
The steam dragon is struck by your spines.
The steam dragon completely misses you. The steam dragon closely misses you.
Casting: Vampiric Draining (safe; 1% risk of failure)
Confirm with . or Enter, or press ? or * to list all spells.
Aiming: Vampiric Draining (safe; 1% risk of failure)
Press: ? - help, Shift-Dir - straight line, f/p - steam dragon
Aim: a steam dragon (heavily wounded)
You draw life force from the steam dragon!
You feel life coursing into your body.
You are engulfed in a cloud of scalding steam.
* * * LOW HITPOINT WARNING * * *
The steam dragon barely misses you. The steam dragon closely misses you.
You hit the steam dragon but do no damage.
The steam dragon is poisoned.
The steam dragon is almost dead.
You are engulfed in a cloud of scalding steam.
* * * LOW HITPOINT WARNING * * *
The water moccasin bites you but does no damage.
The steam dragon breathes steam at you. The ball of steam hits you!
You die...
Kikubaaqudgha rasps: "You have failed me!
Welcome... death!"

.. # #.# .# #..
#.####.
#.######...#...
#..#.....).....
#..§...........
####..<.........#
##.....§.......#
>.....§@§....###
......SD###..#
....##..# #..#
...# #..# #..#
..# #(.##.....#
.. ##............
#....###.....
#...# ##... .....
...


You could see a steam dragon (very poisoned, catching breath) and a water
moccasin.

Vanquished Creatures
  Edmund (D:4)
  2 scorpions (D:5)
  A jelly (D:4)
  A centaur zombie (D:3)
  An orc priest (D:4)
  An iguana (D:5)
  A scorpion zombie (D:3)
  An orc wizard (D:4)
  Robin (D:4)
  8 adders
  4 gnolls
  A white imp (D:5)
  An ufetubus (D:5)
  2 adder zombies (D:3)
  2 worms
  3 dart slugs
  13 orcs
  5 ball pythons
  3 bats
  9 endoplasms
  3 giant cockroaches
  6 hobgoblins
  7 kobolds
  6 quokkas
  A ball python skeleton (D:3)
  4 frilled lizards
  16 goblins
  10 rats
114 creatures vanquished.

Vanquished Creatures (collateral kills)
  An ogre (D:5)
  An orc (D:5)
  A giant cockroach (D:1)
  A goblin (D:4)
  A hobgoblin (D:1)
5 creatures vanquished.

Vanquished Creatures (others)
  A scorpion zombie (D:5)
  A hobgoblin zombie (D:4)
  A goblin zombie (D:4)
  An orc zombie (D:5)
  A plant (D:3)
5 creatures vanquished.

Grand Total: 124 creatures vanquished

Notes
Turn   | Place    | Note
-------+----------+-------------------------------------------
     0 | D:1      | Bnni the Demonspawn Necromancer began the quest for the
                  | Orb.
     0 | D:1      | Reached XP level 1. HP: 13/13 MP: 3/3
   345 | D:1      | Gained mutation: You are partially covered in sharp spines.
                  | [demonic ancestry]
   345 | D:1      | Reached XP level 2. HP: 18/20 MP: 0/5
   765 | D:1      | Reached skill level 1 in Fighting
  1125 | D:2      | Reached skill level 5 in Necromancy
  1125 | D:2      | Reached XP level 3. HP: 20/26 MP: 6/6
  1129 | D:2      | Learned a level 3 spell: Vampiric Draining
  1729 | D:2      | Identified the +0 ring mail of the Bard {+Blink Dex+2
                  | Slay-2}
  2073 | D:3      | Gained mutation: You regenerate a little health from kills.
                  | [demonic ancestry]
  2073 | D:3      | Reached XP level 4. HP: 17/33 MP: 6/8
  2079 | D:3      | Learned a level 4 spell: Animate Dead
  2351 | D:3      | Found an iron altar of Okawaru.
  2351 | D:3      | Found a snail-covered altar of Cheibriados.
  2391 | D:3      | Reached XP level 5. HP: 36/38 MP: 9/9
  2627 | D:3      | Found a hazy altar of Hepliaklqana.
  2878 | D:3      | Reached skill level 6 in Necromancy
  3100 | D:4      | Noticed Edmund
  3110 | D:4      | Killed Edmund
  3111 | D:4      | Reached XP level 6. HP: 40/46 MP: 0/11
  3295 | D:4      | Found a radiant altar of Vehumet.
  3296 | D:4      | Found a staircase to the Ecumenical Temple.
  3322 | D:4      | Noticed Robin
  3324 | Temple   | Entered the Ecumenical Temple
  3381 | Temple   | Became a worshipper of Kikubaaqudgha
  3431 | D:4      | Killed Robin
  3637 | D:4      | Reached skill level 7 in Necromancy
  3643 | D:4      | Your ally Robin died
  3778 | D:4      | Reached * piety under Kikubaaqudgha
  3778 | D:4      | Received a gift from Kikubaaqudgha
  4020 | D:5      | Entered Level 5 of the Dungeon
  4029 | D:5      | Reached XP level 7. HP: 37/52 MP: 5/12
  4260 | D:5      | Found Plog's Book Shoppe.
  4852 | D:6      | Noticed a steam dragon
  4871 | D:6      | Killed from afar by a steam dragon

Illustrated notes

Levels and vault maps discovered:
D:1:      dpeg_arrival_ratfight, layout_basic, minmay_pentomino_u2
D:2:      layout_loops_corners
D:3:      minmay_chambers_of_twos, layout_loops_ring,
          nicolae_hepliaklqana_hazy_memory, gammafunk_temple_overflow_claw,
          serial_undead, serial_undead_c, serial_undead_e, serial_undead_e,
          serial_undead_a, serial_bayou_pond_b
D:4:      layout_basic, lemuel_crystal_altar, minmay_temple_entry_waves,
          uniq_robin, uniq_edmund
D:5:      layout_rooms, serial_shops, shop
D:6:      layout_layer_cave
Temple:   regret_index_temple_generic_petals

Skill      XL: |  1  2  3  4  5  6  7 |
---------------+----------------------+-----
Fighting       | 1 2 3 |  3.9
Necromancy     | 5 6 7 |  7.9
Spellcasting   | 3 4 |  4.2
Dodging        | |  1.7
Stealth        | |  1.7

Action                   |  1- 3 |  4- 6 |  7- 9 || total
-------------------------+-------+-------+-------++-------
Melee: Unarmed           |    23 |       |       ||    23
       Dagger            |    77 |    86 |    50 ||   213
       Punch             |     1 |       |       ||     1
       Dire flail        |       |    38 |       ||    38
Throw: Dart              |       |     3 |     1 ||     4
 Cast: Necrotise         |    10 |     1 |     3 ||    14
       Vampiric Draining |       |     9 |     6 ||    15
       Animate Dead      |       |     2 |     2 ||     4
  Use: Scroll            |     4 |     1 |       ||     5
       Potion            |       |     1 |       ||     1
 Stab: Sleeping          |     5 |     6 |     1 ||    12
       Distracted        |       |     2 |       ||     2
Armor: Robe              |    16 |    31 |    11 ||    58
       Leather armour    |    25 |     2 |       ||    27
Dodge: Dodged            |    51 |    71 |    29 ||   151

Table legend: (Time is in decaauts)
 A = Elapsed time spent in this place.
 B = Non-inter-level travel time spent in this place.
 C = Inter-level travel time spent in this place.
 D = Time resting spent in this place.
 E = Time spent auto-exploring this place.
 F = Levels seen in this place.
 G = Mean time per level.
                   A        B        C        D        E       F      G
               +--------+--------+--------+--------+--------+-----+--------+
         Total |   4881 |   4663 |    218 |    206 |   3659 |   7 |  697.3 |
       Dungeon |   4795 |   4603 |    192 |    206 |   3611 |   6 |  799.2 |
        Temple |     85 |     59 |     26 |      0 |     48 |   1 |   85.0 |
               +--------+--------+--------+--------+--------+-----+--------+

Top non-repeatable levels by time:
     D:1: 1119 daAuts
     D:3: 1065 daAuts
     D:2: 915 daAuts
     D:4: 844 daAuts
     D:5: 831 daAuts
  Temple: 85 daAuts
     D:6: 18 daAuts
